 Dungeon Crawl Stone Soup version 0.30-a0-782-ge64f9170bb (webtiles) character file.

Game seed: 10266155311879298578

1095 3combined the Firebug (level 8, -5/61 HPs)
             Began as a Hill Orc Fire Elementalist on Mar 1, 2023.
             Was a Believer of Makhleb.
             Shot with an arrow by a centaur (7 damage)
             ... on level 6 of the Dungeon.
             The game lasted 00:56:10 (7354 turns).

3combined the Firebug (Hill Orc Fire Elementalist)  Turns: 7354, Time: 00:56:10

Health: -5/61      AC:  4    Str: 11    XL:     8   Next: 31%
Magic:  24/24      EV: 12    Int: 23    God:    Makhleb [**....]
Gold:   268        SH:  0    Dex: 11    Spells: 9/15 levels left

rFire   . . .      SeeInvis .    f - +2 short sword (elec)
rCold   x . .      Faith    .    (no shield)
rNeg    . . .      Spirit   .    A - +0 leather armour
rPois   .          Reflect  .    (helmet restricted)
rElec   .          Harm     .    H - +0 cloak
rCorr   .          Rampage  .    (no gloves)
Will    .....                    (no boots)
Stlth   ++                       (no amulet)
HPRegen 0.30/turn                p - +6 ring of intelligence
MPRegen 0.19/turn                r - ring of magical power

@: no status effects
A: horns 1, high MP 1, cold vulnerability 1
a: Renounce Religion, Minor Destruction


You were on level 6 of the Dungeon.
You worshipped Makhleb.
Makhleb was pleased with you.
You visited 1 branch of the dungeon, and saw 6 of its levels.

You collected 268 gold pieces.

Inventory:

Hand Weapons
 c - a +1 sling
 f - a +2 short sword of electrocution (weapon)
 i - a +0 spear
 j - a +0 mace
 k - a +0 dagger
 F - a +2 dire flail of protection
Missiles
 e - 58 stones
 v - a throwing net
 G - 2 poisoned darts
Armour
 a - a +0 robe
 d - a +0 robe
 w - the +0 helmet "Avvaw" {rElec Int+2}
   (You found it on level 3 of the Dungeon)

   Int:       It affects your intelligence (+2).
   rElec:     It insulates you from electricity.
 A - a +0 leather armour (worn)
 H - a +0 cloak (worn)
Magical Staves
 g - a staff of death
Jewellery
 m - a ring of positive energy
 p - a +6 ring of intelligence (left hand)
 q - a ring of see invisible
 r - a ring of magical power (right hand)
 x - a ring of ice
Scrolls
 o - 2 scrolls of brand weapon
 u - a scroll of amnesia
 y - a scroll of poison
 B - a scroll of vulnerability
 C - 3 scrolls of teleportation
 I - a scroll of fog
 J - a scroll of noise
Potions
 b - a potion of magic
 h - 2 potions of might
 l - a potion of invisibility
 n - 2 potions of flight
 s - a potion of attraction
 t - 2 potions of resistance
 z - a potion of curing
 E - 3 potions of heal wounds
 K - a potion of degeneration


   Skills:
 + Level 1.9 Fighting
 + Level 0.8 Short Blades
 + Level 2.1 Armour
 + Level 2.6 Dodging
 + Level 2.6 Stealth
 + Level 4.0 Spellcasting
 + Level 2.0 Conjurations
 + Level 0.4 Translocations
 + Level 6.7 Fire Magic
 + Level 0.5 Air Magic
 * Level 3.6 Invocations


You had 9 spell levels left.
You knew the following spells:

 Your Spells              Type           Power      Damage    Failure   Level
a - Foxfire               Conj/Fire      96%        2x1d8     2%          1
b - Scorch                Fire           70%        2d9       1%          2
c - Kindle Blastsparks    Fire/Tloc/Air  32%        2d12      14%         3

Your spell library contained the following spells:

 Spells                   Type           Power      Damage    Failure   Level
 Inner Flame              Hex/Fire       20%        N/A       11%         3
 Lesser Beckoning         Tloc           12%        N/A       17%         2
 Flame Wave               Conj/Fire      24%        2d8       22%         4
 Gell's Gravitas          Tloc           6%         N/A       34%         3
 Teleport Other           Tloc           6%         N/A       34%         3


Dungeon Overview and Level Annotations

Branches:
Dungeon (6/15)
 Temple: D:4-7

Altars:
Makhleb


Innate Abilities, Weirdness & Mutations

You have a pair of small horns on your head.
You have an increased reservoir of magic. (+10% MP)
You are vulnerable to cold. (rC-)


Message History

You no longer feel heat resistant.
Your hooves expand and flesh out into feet!
A pair of horns grows on your head!
The +0 helmet "Avvaw" {rElec Int+2} falls away!
You feel more energetic.
Found a stone staircase leading down.
A centaur comes into view.
A hound comes into view.
The centaur shouts!
The hound barks!
The centaur wields a +0 shortbow of freezing.
It is covered in frost.
The centaur shoots an arrow.
The arrow closely misses you. The hound bites you.
You see here a +0 battleaxe.
You closely miss the hound.
You headbutt the hound, but do no damage.
The centaur shoots an arrow.
The arrow hits you! The arrow freezes you. The hound bites you.
The centaur shoots an arrow.
The arrow misses you.
You closely miss the hound. Your headbutt misses the hound.
The hound closely misses you.
The centaur shoots an arrow.
The arrow misses you. The hound barely misses you.
You hit the hound. Lightning courses through the hound!
Your headbutt misses the hound.
The hound is severely wounded.
The centaur shoots an arrow.
The arrow hits you. The arrow freezes you. The hound barely misses you.
The centaur shoots an arrow.
The arrow hits you! The arrow freezes you.
Casting: Scorch (safe; 1% risk of failure)
Press: ? - help, Q - select action, (/) - cycle Dir - look around, f - activate
Okay, then.
You hit the hound. Lightning courses through the hound!
You kill the hound!
Makhleb accepts your kill.
You feel better.
The centaur shoots an arrow.
The arrow hits you!
* * * LOW HITPOINT WARNING * * *
The arrow freezes you.
* * * LOW HITPOINT WARNING * * *
The centaur shoots an arrow.
The arrow hits you!
* * * LOW HITPOINT WARNING * * *
The arrow freezes you!
You die...

####
..#.......#
..#.......#
######..#
#..# #..#
##..# #...#
#...# #@..#
#†).#
#.......+
#..c....#
#.......#
#.....>..
#....####.
#.### .# #.
#


You could see a centaur.

Vanquished Creatures
  Edmund (D:5)
  A water moccasin (D:6)
  2 ogres
  2 scorpions (D:5)
  A necrophage (D:5)
  A howler monkey (D:4)
  2 jellies (D:5)
  3 hounds
  5 iguanas
  11 adders
  2 shadow imps (D:5)
  An ufetubus (D:6)
  A worm (D:4)
  A dart slug (D:2)
  11 orcs (D:4)
  6 endoplasms
  3 giant cockroaches
  3 goblins
  4 hobgoblins
  7 jackals
  2 quokkas
  6 ball pythons
  5 bats
  4 frilled lizards
  6 kobolds
  9 rats
100 creatures vanquished.

Vanquished Creatures (others)
  70 foxfires
70 creatures vanquished.

Grand Total: 170 creatures vanquished

Notes
Turn   | Place    | Note
-------+----------+-------------------------------------------
     0 | D:1      | 3combined the Hill Orc Fire Elementalist began the quest
                  | for the Orb.
     0 | D:1      | Reached XP level 1. HP: 14/14 MP: 3/3
   377 | D:1      | Reached XP level 2. HP: 20/20 MP: 2/4
  1354 | D:2      | Reached skill level 4 in Fire Magic
  1354 | D:2      | Reached XP level 3. HP: 24/26 MP: 1/5
  1546 | D:2      | Learned a level 2 spell: Scorch
  3525 | D:3      | Reached XP level 4. HP: 27/33 MP: 7/7
  3685 | D:3      | Identified the +0 helmet "Avvaw" {rElec Int+2}
  4160 | D:3      | You fall into a shaft and drop 1 floor!
  4212 | D:3      | Found a faded altar of an unknown god.
  4220 | D:3      | Prayed at the altar of an unknown god.
  4220 | D:3      | Became a worshipper of Makhleb the Destroyer
  4220 | D:3      | Reached * piety under Makhleb
  4430 | D:4      | Reached skill level 1 in Fighting
  4430 | D:4      | Reached XP level 5. HP: 40/40 MP: 8/8
  4730 | D:4      | Reached skill level 5 in Fire Magic
  4730 | D:4      | Reached XP level 6. HP: 30/47 MP: 9/9
  4753 | D:4      | Reached ** piety under Makhleb
  4801 | D:4      | Learned a level 3 spell: Kindle Blastsparks
  5174 | D:4      | Reached skill level 1 in Armour
  5465 | D:5      | Entered Level 5 of the Dungeon
  5477 | D:5      | Reached XP level 7. HP: 19/53 MP: 3/11
  5859 | D:5      | Reached skill level 1 in Invocations
  5921 | D:5      | Noticed Edmund
  6008 | D:5      | Killed Edmund
  6009 | D:5      | Reached skill level 6 in Fire Magic
  6596 | D:5      | Reached XP level 8. HP: 61/61 MP: 13/13
  7342 | D:6      | Gained mutation: You are vulnerable to cold. (rC-) [potion
                  | of mutation]
  7342 | D:6      | Gained mutation: Your flesh is heat resistant. (rF+)
                  | [potion of mutation]
  7342 | D:6      | Gained mutation: You have large cloven feet. [potion of
                  | mutation]
  7344 | D:6      | Lost mutation: Your flesh is heat resistant. (rF+) [potion
                  | of mutation]
  7344 | D:6      | Lost mutation: You have large cloven feet. [potion of
                  | mutation]
  7344 | D:6      | Gained mutation: You have a pair of small horns on your
                  | head. [potion of mutation]
  7344 | D:6      | Gained mutation: You have an increased reservoir of magic.
                  | (+10% MP) [potion of mutation]
  7354 | D:6      | HP: 2/61 [centaur/arrow (10)]
  7354 | D:6      | Shot with an arrow by a centaur

Illustrated notes

Levels and vault maps discovered:
D:1:      amcnicky_arrival_double_pillar, layout_basic
D:2:      layout_basic
D:3:      layout_basic, chequers_ecumenical_altar_simple,
          minmay_misc_feat_plants
D:4:      layout_loops_ring, chequers_serial_rivers_micro_d
D:5:      layout_rooms, uniq_edmund
D:6:      layout_basic, nicolae_dithmenos_the_darkroom, portal_sewer_entry_e,
          serial_shops, kennysheep_little_box

Skill      XL: |  1  2  3  4  5  6  7  8 |
---------------+-------------------------+-----
Fire Magic     | 4 5 6 |  6.7
Stealth        | 2 |  2.6
Spellcasting   | 2 3 4 |  4.0
Dodging        | 2 |  2.6
Fighting       | 1 |  1.9
Armour         | 1 2 |  2.1
Invocations    | 3 |  3.6
Conjurations   | 2 |  2.0
Short Blades   | |  0.8
Translocations | |  0.4
Air Magic      | |  0.5

Action                     |  1- 3 |  4- 6 |  7- 9 || total
---------------------------+-------+-------+-------++-------
  Melee: Short sword       |    53 |    25 |    16 ||    94
         Staff             |     2 |       |       ||     2
         Headbutt          |       |       |     1 ||     1
  Throw: Stone             |     2 |       |       ||     2
         Throwing net      |     1 |       |       ||     1
   Cast: Foxfire           |    31 |    17 |     8 ||    56
         Scorch            |    11 |    39 |    26 ||    76
         Kindle Blastspark |       |     4 |     2 ||     6
 Invoke: Minor Destruction |       |     2 |     5 ||     7
    Use: Scroll            |    13 |     2 |     4 ||    19
         Potion            |     1 |       |     2 ||     3
   Stab: Sleeping          |     2 |       |       ||     2
 Armour: Robe              |    20 |       |       ||    20
         Leather armour    |       |    14 |     5 ||    19
  Dodge: Dodged            |    74 |    12 |    15 ||   101

Table legend: (Time is in decaauts)
 A = Elapsed time spent in this place.
 B = Non-inter-level travel time spent in this place.
 C = Inter-level travel time spent in this place.
 D = Time resting spent in this place.
 E = Time spent auto-exploring this place.
 F = Levels seen in this place.
 G = Mean time per level.
                   A        B        C        D        E       F      G
               +--------+--------+--------+--------+--------+-----+--------+
         Total |   7348 |   7182 |    166 |   3405 |   2168 |   6 | 1224.7 |
       Dungeon |   7348 |   7182 |    166 |   3405 |   2168 |   6 | 1224.7 |
               +--------+--------+--------+--------+--------+-----+--------+

Top non-repeatable levels by time:
     D:2: 1913 daAuts
     D:5: 1594 daAuts
     D:1: 1307 daAuts
     D:4: 1253 daAuts
     D:3: 986 daAuts
     D:6: 293 daAuts
